[ PARTIDA AOE2 · #495505329 ]
UnrankedRomanos vs Romans
Equipo del jugador · VICT
Equipo rival · DERR
[ ANÁLISIS DE REPETICIÓN · EXTRAÍDO DE LA PARTIDA GRABADA ]
Feudal
9:03
Castillos
29:28
Imperial
46:27
| APM promedio | 55.4 |
| APM pico | 99 |
| eAPM promedio | 29.5 |
| Aldeanos / militares | 108 / 161 |
Foco
⚔️ 36.2% · 🌾 63.8%
Militia ×143 · Scorpion ×9 · Battering Ram ×3 · Trebuchet (Packed) ×3 · Archer ×1 · Centurion ×1
Feudal
9:16
Castillos
24:20
Imperial
—
| APM promedio | 46.2 |
| APM pico | 104 |
| eAPM promedio | 26.4 |
| Aldeanos / militares | 94 / 87 |
Foco
⚔️ 50.4% · 🌾 49.6%
Militia ×58 · Monk ×9 · Centurion ×9 · Scorpion ×8 · Battering Ram ×2 · Mangonel ×1
Mapa de la partida
Recursos iniciales + cada clic de construcción. Líneas = muros · curvas = relieve. ◆ oro · ⬟ piedra · ● bayas · ✦ reliquia · ◌ hueco del cierre
Tu base· ✓ Cerrada en 29:28 · 20t muro · 4 puerta(s)
Base de Egbert· Abierta — hueco de 4t
Terreno inicial suavizado · ◌ = hueco del cierre detectado · pasá el cursor para detalles
Inputs por minuto
— [KYS] CaptainJesus - - Egbert
Build order — [KYS] CaptainJesus
Primeras 150 de 431 acciones detectadas
| 0:00 | Crear | Villager (Male) |
| 0:01 | Crear | Villager (Male) |
| 0:02 | Construir | House |
| 0:03 | Construir | House |
| 0:28 | Crear | Villager (Male) |
| 0:28 | Crear | Villager (Male) |
| 1:23 | Crear | Villager (Male) |
| 1:52 | Construir | Lumber Camp |
| 2:09 | Crear | Villager (Male) |
| 2:09 | Crear | Villager (Male) |
| 2:59 | Crear | Villager (Male) |
| 3:20 | Crear | Villager (Male) |
| 3:40 | Crear | Villager (Male) |
| 3:59 | Construir | House |
| 4:06 | Crear | Villager (Male) |
| 4:15 | Crear | Villager (Male) |
| 4:37 | Construir | Barracks |
| 4:57 | Crear | Villager (Male) |
| 5:10 | Construir | House |
| 5:26 | Crear | Villager (Male) |
| 5:55 | Crear | Villager (Male) |
| 5:58 | Crear | Villager (Male) |
| 6:53 | Investigar | Feudal Age |
| 6:56 | Investigar | Loom |
| 7:14 | Crear | Militia |
| 7:42 | Crear | Militia |
| 7:55 | Construir | House |
| 7:59 | Crear | Militia |
| 8:41 | Construir | Mill |
| 9:03 | Edad | Edad Feudal |
| 9:05 | Investigar | Man-at-Arms (upgrade) |
| 9:13 | Crear | Villager (Male) |
| 9:42 | Crear | Villager (Male) |
| 9:45 | Construir | Archery Range |
| 9:58 | Construir | Farm |
| 10:00 | Construir | Farm |
| 10:01 | Construir | Farm |
| 10:30 | Crear | Villager (Male) |
| 10:42 | Crear | Villager (Male) |
| 10:46 | Construir | Blacksmith |
| 10:58 | Crear | Villager (Male) |
| 11:00 | Construir | House |
| 11:01 | Construir | House |
| 11:12 | Construir | Farm |
| 11:13 | Construir | Farm |
| 11:13 | Construir | Farm |
| 11:33 | Investigar | Scale Mail Armor |
| 11:42 | Crear | Villager (Male) |
| 11:47 | Crear | Archer |
| 12:09 | Crear | Villager (Male) |
| 12:13 | Construir | House |
| 12:34 | Crear | Villager (Male) |
| 12:36 | Construir | Farm |
| 12:37 | Construir | Farm |
| 12:37 | Construir | Farm |
| 12:39 | Construir | Mining Camp |
| 12:41 | Crear | Militia |
| 12:47 | Crear | Villager (Male) |
| 12:52 | Construir | Palisade Gate |
| 12:53 | Construir | House |
| 12:59 | Investigar | Double-Bit Axe |
| 13:01 | Crear | Villager (Male) |
| 13:09 | Crear | Skirmisher |
| 13:24 | Crear | Villager (Male) |
| 13:30 | Crear | Villager (Male) |
| 13:35 | Construir | Palisade Wall |
| 13:36 | Construir | Palisade Wall |
| 13:47 | Crear | Militia |
| 14:24 | Crear | Villager (Male) |
| 14:27 | Crear | Militia |
| 14:29 | Crear | Villager (Male) |
| 14:31 | Construir | House |
| 14:32 | Construir | House |
| 14:34 | Construir | House |
| 14:43 | Construir | House |
| 14:46 | Construir | Palisade Gate |
| 14:59 | Crear | Militia |
| 15:06 | Crear | Villager (Male) |
| 15:22 | Crear | Villager (Male) |
| 15:35 | Crear | Villager (Male) |
| 15:37 | Construir | House |
| 15:45 | Crear | Militia |
| 15:49 | Construir | Farm |
| 15:50 | Construir | Farm |
| 15:50 | Construir | Farm |
| 16:00 | Construir | Palisade Wall |
| 16:14 | Crear | Villager (Male) |
| 16:21 | Construir | Barracks |
| 16:25 | Crear | Villager (Male) |
| 16:32 | Crear | Militia |
| 16:34 | Crear | Villager (Male) |
| 16:37 | Construir | House |
| 16:44 | Crear | Militia |
| 16:57 | Construir | Lumber Camp |
| 17:07 | Crear | Militia |
| 17:09 | Crear | Villager (Male) |
| 17:16 | Construir | Watch Tower |
| 17:23 | Crear | Militia |
| 17:33 | Crear | Villager (Male) |
| 17:46 | Crear | Militia |
| 17:50 | Construir | Farm |
| 17:50 | Construir | Farm |
| 17:50 | Construir | Farm |
| 18:06 | Crear | Militia |
| 18:13 | Construir | Palisade Gate |
| 18:16 | Construir | Palisade Gate |
| 18:21 | Construir | Watch Tower |
| 18:24 | Crear | Militia |
| 18:24 | Crear | Militia |
| 18:30 | Crear | Militia |
| 18:31 | Crear | Villager (Male) |
| 19:08 | Crear | Militia |
| 19:08 | Crear | Militia |
| 19:09 | Crear | Villager (Male) |
| 19:11 | Construir | Farm |
| 19:30 | Crear | Militia |
| 19:30 | Crear | Militia |
| 19:33 | Construir | Farm |
| 19:33 | Construir | Farm |
| 19:34 | Construir | Farm |
| 19:34 | Construir | Farm |
| 19:52 | Crear | Militia |
| 19:53 | Crear | Militia |
| 19:56 | Construir | Farm |
| 19:57 | Construir | Farm |
| 19:57 | Construir | Farm |
| 20:08 | Crear | Militia |
| 20:09 | Crear | Villager (Male) |
| 20:18 | Crear | Militia |
| 20:48 | Crear | Militia |
| 20:48 | Crear | Militia |
| 20:49 | Crear | Villager (Male) |
| 20:53 | Construir | Farm |
| 20:53 | Construir | Farm |
| 20:53 | Construir | Farm |
| 21:04 | Crear | Militia |
| 21:05 | Crear | Militia |
| 21:08 | Crear | Villager (Male) |
| 21:22 | Construir | House |
| 21:27 | Investigar | Forging |
| 21:31 | Construir | Farm |
| 21:32 | Construir | Farm |
| 21:32 | Construir | Farm |
| 21:32 | Construir | Farm |
| 21:40 | Crear | Militia |
| 21:43 | Crear | Villager (Male) |
| 21:44 | Crear | Villager (Male) |
| 21:56 | Crear | Militia |
| 21:56 | Crear | Militia |
| 22:01 | Crear | Villager (Male) |
Build order — Egbert
Primeras 150 de 332 acciones detectadas
| 0:00 | Crear | Villager (Male) |
| 0:01 | Crear | Villager (Male) |
| 0:02 | Construir | House |
| 0:03 | Construir | House |
| 0:20 | Crear | Villager (Male) |
| 0:25 | Crear | Villager (Male) |
| 1:22 | Crear | Villager (Male) |
| 1:23 | Crear | Villager (Male) |
| 1:51 | Construir | Lumber Camp |
| 1:56 | Crear | Villager (Male) |
| 2:15 | Crear | Villager (Male) |
| 2:34 | Crear | Villager (Male) |
| 2:59 | Crear | Villager (Male) |
| 2:59 | Crear | Villager (Male) |
| 3:26 | Construir | House |
| 3:35 | Crear | Villager (Male) |
| 3:36 | Crear | Villager (Male) |
| 3:49 | Crear | Villager (Male) |
| 4:01 | Construir | Mill |
| 4:23 | Crear | Villager (Male) |
| 4:36 | Crear | Villager (Male) |
| 5:16 | Crear | Villager (Male) |
| 5:24 | Construir | House |
| 5:28 | Crear | Villager (Male) |
| 5:54 | Crear | Villager (Male) |
| 6:32 | Construir | Mining Camp |
| 6:36 | Investigar | Loom |
| 6:58 | Investigar | Feudal Age |
| 6:58 | Investigar | Feudal Age |
| 8:02 | Construir | Barracks |
| 8:21 | Construir | House |
| 8:55 | Crear | Militia |
| 8:55 | Crear | Militia |
| 8:55 | Crear | Militia |
| 9:06 | Construir | Palisade Wall |
| 9:08 | Construir | Palisade Wall |
| 9:10 | Construir | Palisade Wall |
| 9:16 | Edad | Edad Feudal |
| 9:24 | Investigar | Man-at-Arms (upgrade) |
| 9:24 | Investigar | Man-at-Arms (upgrade) |
| 9:27 | Construir | Blacksmith |
| 9:30 | Construir | Palisade Wall |
| 9:34 | Crear | Villager (Male) |
| 9:56 | Crear | Villager (Male) |
| 10:12 | Investigar | Scale Mail Armor |
| 10:12 | Investigar | Scale Mail Armor |
| 10:13 | Investigar | Scale Mail Armor |
| 10:46 | Crear | Villager (Male) |
| 10:46 | Crear | Villager (Male) |
| 11:11 | Crear | Villager (Male) |
| 11:13 | Construir | Farm |
| 11:20 | Crear | Militia |
| 11:21 | Crear | Militia |
| 11:31 | Crear | Militia |
| 11:34 | Construir | Farm |
| 11:36 | Construir | Farm |
| 11:50 | Construir | House |
| 11:55 | Construir | Palisade Gate |
| 11:59 | Construir | House |
| 12:07 | Construir | House |
| 12:10 | Crear | Militia |
| 12:20 | Crear | Villager (Male) |
| 12:35 | Crear | Militia |
| 12:42 | Construir | Farm |
| 12:45 | Construir | Farm |
| 12:48 | Construir | Farm |
| 12:53 | Construir | Palisade Wall |
| 13:07 | Construir | Farm |
| 13:08 | Crear | Villager (Male) |
| 13:18 | Crear | Villager (Male) |
| 13:31 | Construir | Farm |
| 13:32 | Crear | Villager (Male) |
| 13:35 | Construir | Farm |
| 13:39 | Crear | Villager (Male) |
| 13:54 | Crear | Villager (Male) |
| 13:57 | Construir | House |
| 14:01 | Construir | House |
| 14:16 | Crear | Militia |
| 14:16 | Crear | Militia |
| 14:34 | Crear | Militia |
| 14:36 | Construir | House |
| 14:37 | Crear | Villager (Male) |
| 14:39 | Crear | Villager (Male) |
| 15:08 | Crear | Villager (Male) |
| 15:09 | Crear | Militia |
| 15:19 | Construir | Farm |
| 15:21 | Construir | Farm |
| 15:32 | Crear | Villager (Male) |
| 15:43 | Crear | Militia |
| 16:00 | Crear | Villager (Male) |
| 16:02 | Construir | Farm |
| 16:04 | Crear | Militia |
| 16:21 | Crear | Militia |
| 16:28 | Crear | Villager (Male) |
| 16:30 | Construir | Farm |
| 16:48 | Investigar | Double-Bit Axe |
| 16:54 | Construir | Farm |
| 17:20 | Crear | Militia |
| 17:27 | Construir | Farm |
| 17:27 | Construir | Farm |
| 17:27 | Construir | Farm |
| 17:27 | Construir | Farm |
| 17:28 | Construir | Farm |
| 17:28 | Construir | Farm |
| 17:43 | Construir | Archery Range |
| 17:48 | Crear | Villager (Male) |
| 17:51 | Construir | Farm |
| 18:17 | Crear | Militia |
| 18:33 | Crear | Militia |
| 18:36 | Crear | Militia |
| 19:01 | Crear | Militia |
| 19:06 | Crear | Militia |
| 19:18 | Crear | Militia |
| 19:21 | Construir | House |
| 19:24 | Crear | Militia |
| 19:40 | Construir | House |
| 19:49 | Construir | Watch Tower |
| 19:57 | Construir | House |
| 20:04 | Crear | Villager (Male) |
| 20:05 | Crear | Militia |
| 20:07 | Construir | Palisade Wall |
| 20:17 | Crear | Militia |
| 21:00 | Crear | Villager (Male) |
| 21:14 | Construir | Farm |
| 21:15 | Investigar | Castle Age |
| 21:15 | Investigar | Castle Age |
| 21:26 | Construir | House |
| 21:35 | Investigar | Forging |
| 21:35 | Investigar | Forging |
| 21:40 | Investigar | Castle Age |
| 21:40 | Investigar | Castle Age |
| 21:42 | Construir | Farm |
| 21:42 | Construir | Farm |
| 21:44 | Construir | Barracks |
| 21:53 | Construir | Lumber Camp |
| 22:01 | Crear | Militia |
| 22:06 | Construir | House |
| 22:11 | Crear | Militia |
| 22:14 | Construir | Palisade Wall |
| 22:29 | Crear | Villager (Male) |
| 22:30 | Crear | Villager (Male) |
| 22:42 | Crear | Militia |
| 22:55 | Construir | Palisade Gate |
| 22:59 | Construir | House |
| 23:05 | Crear | Militia |
| 23:05 | Crear | Militia |
| 23:06 | Crear | Militia |
| 23:48 | Construir | Gate |
| 23:50 | Construir | Stone Wall |
| 24:06 | Construir | House |
Cronología de la partida
| 4:37 | [KYS] CaptainJesus · first_building Barracks |
| 8:02 | Egbert · first_building Barracks |
| 9:03 | [KYS] CaptainJesus · age_up feudal |
| 9:06 | Egbert · wall_segment Palisade Wall x1 |
| 9:08 | Egbert · wall_segment Palisade Wall x1 |
| 9:10 | Egbert · wall_segment Palisade Wall x1 |
| 9:16 | Egbert · age_up feudal |
| 9:30 | Egbert · wall_segment Palisade Wall x1 |
| 9:45 | [KYS] CaptainJesus · first_building Archery Range |
| 12:53 | Egbert · wall_segment Palisade Wall x1 |
| 13:35 | [KYS] CaptainJesus · wall_segment Palisade Wall x11 |
| 13:36 | [KYS] CaptainJesus · wall_segment Palisade Wall x7 |
| 16:00 | [KYS] CaptainJesus · wall_segment Palisade Wall x1 |
| 17:43 | Egbert · first_building Archery Range |
| 20:07 | Egbert · wall_segment Palisade Wall x1 |
| 22:14 | Egbert · wall_segment Palisade Wall x1 |
| 23:50 | Egbert · wall_segment Stone Wall x1 |
| 24:20 | Egbert · age_up castle |
| 25:58 | Egbert · wall_segment Palisade Wall x1 |
| 26:42 | [KYS] CaptainJesus · first_market_buy 100 food |
| 26:48 | [KYS] CaptainJesus · first_market_sell 100 wood |
| 27:16 | [KYS] CaptainJesus · wall_segment Stone Wall x1 |
| 27:36 | Egbert · first_building Monastery |
| 29:28 | [KYS] CaptainJesus · age_up castle |
| 30:17 | Egbert · wall_segment Stone Wall x1 |
| 30:30 | Egbert · first_building Siege Workshop |
| 30:51 | Egbert · wall_segment Stone Wall x2 |
| 31:15 | Egbert · first_building Castle |
| 35:24 | [KYS] CaptainJesus · first_building Siege Workshop |
| 36:18 | [KYS] CaptainJesus · first_building Castle |
| 46:27 | [KYS] CaptainJesus · age_up imperial |
| 50:10 | Egbert · first_market_buy 100 stone |
| 50:29 | Egbert · resign |
[ ANÁLISIS IA · 1 CRÉDITO ]
¿Qué pasó realmente en esta partida?
Wolo.gg analiza cada decisión: build order, eco, micro, errores típicos por bracket. Análisis personalizado por WhatsApp o Discord en 30 segundos.
Guía civ
Romanos
Perfil
[KYS] CaptainJesus